 Dungeon Crawl Stone Soup version 0.31-a0-963-ga325b2283a (webtiles) character file.

Game seed: 15649167537174936941

627 avis the Caller (level 7, 30/30 HPs)
             Began as a Felid Summoner on Oct 25, 2023.
             Got out of the dungeon alive.
             The game lasted 00:47:52 (6482 turns).

avis the Caller (Felid Summoner)                    Turns: 6482, Time: 00:47:53

Health: 30/30      AC:  2    Str:  4    XL:     7   Next: 23%
Magic:  15/15      EV: 19    Int: 17    God:
Gold:   171        SH:  0    Dex: 18    Spells: 2/15 levels left
                                        Lives:  1   Deaths: 1

rFire   . . .        (weapon unavailable)
rCold   . . .        (shield unavailable)
rNeg    . . .        (body armour unavailable)
rPois   .            (helmet unavailable)
rElec   .            (cloak unavailable)
rCorr   .            (gloves unavailable)
SInv    +            (boots unavailable)
Will    +....        o - amulet of regeneration
Stlth   ++           (no ring)
HPRegen 1.05/turn    (no ring)
MPRegen 0.14/turn

%: no passive effects
@: quick
A: very small, claws 1, fangs 3, see invisible, speed 1, shaggy fur 2, stealthy
paws, no weapons or thrown items, no armour, multi-lived
a: no special abilities


You escaped.
You visited 1 branch of the dungeon, and saw 5 of its levels.

You collected 171 gold pieces.

Inventory:

Jewellery
 m - an amulet of faith
 o - an amulet of regeneration (around neck)
Talismans
 f - a flux talisman
Wands
 j - a wand of polymorph (8)
Scrolls
 b - a scroll of blinking {unknown}
 g - 3 scrolls of noise
 i - a scroll of immolation
 k - 3 scrolls of teleportation {unknown}
 l - a scroll of acquirement {unknown}
 p - a scroll of revelation {unknown}
 q - a scroll of fog {unknown}
 r - 2 scrolls of poison {unknown}
Potions
 a - a potion of magic
 c - 2 potions of attraction {unknown}
 d - a potion of enlightenment {unknown}
 e - 2 potions of heal wounds {unknown}
 h - a potion of degeneration {unknown}
 n - a potion of haste {unknown}


   Skills:
 + Level 2.1 Fighting
 + Level 4.2 Dodging
 - Level 2.6 Stealth
 + Level 4.8 Spellcasting
 * Level 3.7 Hexes
 + Level 5.4 Summonings
 + Level 0.6 Air Magic
 - Level 1.0 Shapeshifting


You had 2 spell levels left.
You knew the following spells:

 Your Spells              Type           Power      Damage    Failure   Level
a - Summon Small Mammal   Summ           88%        N/A       1%          1
b - Summon Lightning Spi  Summ/Air       14%        N/A       38%         4
c - Call Imp              Summ           44%        N/A       2%          2
d - Call Canine Familiar  Summ           22%        N/A       4%          3
g - Summon Guardian Gole  Hex/Summ       19%        N/A       7%          3

Your spell library contained the following spells:

 Spells                   Type           Power      Damage    Failure   Level
 Cigotuvi's Dreadful Rot  Necr/Pois/Air  8%         N/A       21%         2
 Lesser Beckoning         Tloc           8%         N/A       22%         2
 Gell's Gravitas          Tloc           4%         N/A       41%         3
 Hailstorm                Conj/Ice       4%         3d4       41%         3
 Ignite Poison            Fire/Tmut/Pois 4%         N/A       41%         3
 Teleport Other           Tloc           4%         N/A       41%         3
 Summon Ice Beast         Ice/Summ       13%        N/A       43%         4
 Freezing Cloud           Conj/Ice/Air   2%         6-21      98%         5
 Simulacrum               Ice/Necr       2%         N/A       100%        6


Dungeon Overview and Level Annotations

Branches:
Dungeon (5/15)
 Temple: D:4-7

Altars:
Elyvilon
Fedhas

Shops:
D:1 [=   D:2 *[(*   D:4 *


Innate Abilities, Weirdness & Mutations

You have sharp claws.
You have razor-sharp teeth.
You have supernaturally acute eyesight. (SInv)
You cover ground quickly. (Speed+)
You are covered in thick fur. (AC +2)
Your paws help you pounce on unaware monsters.
You are incapable of wielding weapons or throwing items.
You cannot wear armour.
You gain extra lives every three experience levels.


Message History

You climb downwards.
The hound stops to sniff the ground.
The gnoll hits you with a +0 flail. The gnoll hits you with a +0 whip.
There is a stone staircase leading up here.
The gnoll sergeant hits you from afar with a +3 spear of distortion!
* * * LOW HITPOINT WARNING * * *
Space warps around you.
* * * LOW HITPOINT WARNING * * *
You hear a distant slurping noise.
The gnoll hits you with a +0 whip.
You stop ascending the stairs.
You die...
A howler monkey comes into view.
The hound bites you.
You rejoin the land of the living...
You are not religious.
Unknown command.
What level of the Dungeon? (default 4, ? - help) You're already here!
Unknown command.
What level of the Dungeon? (default 5, ? - help)
You open the door.
What level of the Dungeon? (default 1, ? - help)
There is an open door here.
A gnoll comes into view. It is wielding a +0 halberd.
There is a stone staircase leading up here.
You climb upwards.
There is a stone staircase leading down here.
What level of the Dungeon? (default 1, ? - help)
You see here a +0 club.
There is an escape hatch in the ceiling here.
A mysterious force pulls you upwards. The hatch slams shut behind you.
You see here 4 javelins.
There is an escape hatch in the ceiling here.
A mysterious force pulls you upwards. The hatch slams shut behind you.
There is a stone staircase leading up here.
You climb upwards.
There is a stone staircase leading down here.
There is an empty arch of ancient stone here.
There is a staircase leading out of the dungeon here.
You have escaped!

#...≈...##..#..#
#.8.≈.8.##.##..#
#...≈...#.....## #
#.♣.≈.♣.#..##.# ##
#...≈...#.###.######.
#.8.≈.8.#.##>........
#...≈...#.#......####
###...###.......##...
##@##.......#.##...
########.#...##..._#.
###########...........#######..
#.....................######...
#...................#.#......#.
#.......................######.
#...................>###### #.
#.........................#####
#..........####.####.####......


There were no monsters in sight!

Vanquished Creatures
  An orc (D:4)
  3 ball pythons
  2 goblins (D:2)
  2 hobgoblins
  A bat (D:3)
  A rat (D:1)
10 creatures vanquished.

Vanquished Creatures (collateral kills)
  A scorpion (D:4)
  2 hounds
  An iguana (D:4)
  Natasha (thrice) (D:2)
  Terence (D:3)
  An orc wizard (D:4)
  Robin (D:2)
  5 gnolls (D:4)
  2 adders
  2 worms
  3 dart slugs
  6 orcs
  4 endoplasms
  9 giant cockroaches
  18 goblins
  9 hobgoblins
  6 jackals
  5 kobolds
  3 quokkas
  3 ball pythons
  8 bats
  6 frilled lizards
  4 rats
103 creatures vanquished.

Vanquished Creatures (others)
  Eustachio (D:4)
  A gnoll (D:4)
2 creatures vanquished.

Grand Total: 115 creatures vanquished

Notes
Turn   | Place    | Note
-------+----------+-------------------------------------------
     0 | D:1      | avis the Felid Summoner began the quest for the Orb.
     0 | D:1      | Reached XP level 1. HP: 7/7 MP: 4/4
   313 | D:1      | Reached XP level 2. HP: 8/11 MP: 4/6
   427 | D:1      | Found a faded altar of an unknown god.
   475 | D:1      | Found Ezymnios's Antique Armour Shoppe.
   713 | D:1      | Learned a level 2 spell: Call Imp
   967 | D:1      | Reached XP level 3. HP: 14/14 MP: 1/8
  1024 | D:1      | Found Qoem's Jewellery Shoppe.
  1036 | D:1      | Learned a level 3 spell: Call Canine Familiar
  1195 | D:2      | Found Tayfikan's Antique Weapon Shoppe.
  1402 | D:2      | Found Feigyg's Assorted Antiques.
  1442 | D:2      | Noticed Natasha
  1481 | D:2      | Killed Natasha
  1565 | D:2      | Noticed Robin
  1645 | D:2      | Reached XP level 4. HP: 16/18 MP: 3/10
  1654 | D:2      | Killed Robin
  1655 | D:2      | Reached skill level 1 in Shapeshifting
  1731 | D:2      | Found Labitz's Armour Shop.
  1932 | D:2      | Found Ovess's Assorted Antiques.
  2016 | D:2      | Noticed Natasha
  2032 | D:2      | Killed Natasha
  2098 | D:2      | Learned a level 3 spell: Summon Guardian Golem
  2369 | D:2      | Found Kuidusim's Weapon Boutique.
  2546 | D:2      | Noticed Natasha
  2552 | D:2      | Killed Natasha
  2553 | D:2      | Reached XP level 5. HP: 21/21 MP: 5/11
  2954 | D:3      | Reached skill level 1 in Hexes
  3411 | D:3      | Noticed Terence
  3422 | D:3      | Killed Terence
  3548 | D:3      | Found a white marble altar of Elyvilon.
  3610 | D:3      | Reached skill level 1 in Fighting
  3610 | D:3      | Reached skill level 5 in Summonings
  4292 | D:4      | Found Rosas's General Store.
  4498 | D:4      | Gained mutation: You are covered in thick fur. (AC +2)
                  | [Felid growth]
  4498 | D:4      | Reached XP level 6. HP: 25/25 MP: 7/13
  4585 | D:4      | Identified the +0 robe of Mezcal {Will+}
  4955 | D:4      | Found a blossoming altar of Fedhas.
  5087 | D:4      | Noticed Eustachio
  5110 | D:4      | Killed Eustachio
  5164 | D:4      | Learned a level 4 spell: Summon Lightning Spire
  5331 | D:4      | Reached XP level 7. HP: 29/29 MP: 11/15
  6006 | D:5      | Entered Level 5 of the Dungeon
  6367 | D:5      | Slain by a gnoll
  6482 | D:$      | Got out of the dungeon alive.

Illustrated notes

Levels and vault maps discovered:
D:1:      mainiacjoe_arrival_reflecting_pool, layout_rooms,
          ebering_ecumenical_altar_rust, serial_shops, nicolae_shop_dealshenge,
          nicolae_shop_temple_entry_statues_fountains
D:2:      layout_basic, serial_shops, shop, nicolae_shop_window_shopping, shop,
          shop, shop, uniq_natasha, uniq_robin
D:3:      layout_basic, elyvilon_altar_1, uniq_terence
D:4:      minmay_recursive_quarters, layout_cave_pods,
          mainiacjoe_overflow_tiny_flanked, serial_shops, nicolae_stop_n_shop_2,
          uniq_eustachio
D:5:      layout_gridville, dreamdust_gnoll_farm

Skill      XL: |  1  2  3  4  5  6  7 |
---------------+----------------------+-----
Spellcasting   | 3 4 |  4.8
Shapeshifting  | 1 |  1.0
Hexes          | 2 3 |  3.7
Dodging        | 3 4 |  4.2
Fighting       | 1 2 |  2.1
Summonings     | 5 |  5.4
Stealth        | |  2.6
Air Magic      | |  0.6

Action                     |  1- 3 |  4- 6 |  7- 9 || total
---------------------------+-------+-------+-------++-------
  Melee: Unarmed           |     8 |    20 |     6 ||    34
         Bite              |       |     1 |       ||     1
   Cast: Summon Small Mamm |    43 |    13 |     4 ||    60
         Call Imp          |    10 |    31 |     6 ||    47
         Call Canine Famil |     3 |    37 |     5 ||    45
         Summon Guardian G |       |     2 |     2 ||     4
    Use: Scroll            |       |     2 |       ||     2
   Stab: Distracted        |       |     1 |       ||     1
 Armour: Skin              |     8 |    17 |     9 ||    34
  Dodge: Dodged            |    22 |    58 |    17 ||    97

Table legend: (Time is in decaauts)
 A = Elapsed time spent in this place.
 B = Non-inter-level travel time spent in this place.
 C = Inter-level travel time spent in this place.
 D = Time resting spent in this place.
 E = Time spent auto-exploring this place.
 F = Levels seen in this place.
 G = Mean time per level.
                   A        B        C        D        E       F      G
               +--------+--------+--------+--------+--------+-----+--------+
         Total |   5731 |   4781 |    950 |   1199 |   2334 |   5 | 1146.2 |
       Dungeon |   5731 |   4781 |    950 |   1199 |   2334 |   5 | 1146.2 |
               +--------+--------+--------+--------+--------+-----+--------+

Top non-repeatable levels by time:
     D:3: 1591 daAuts
     D:4: 1541 daAuts
     D:2: 1399 daAuts
     D:1: 1178 daAuts
     D:5: 20 daAuts
